 Dungeon Crawl Stone Soup version 0.27.0-1-g7a089689b8 (webtiles) character file.

Game seed: 8047361677540108871

56 SkeletonJelly the Slasher (level 3, -1/31 HPs)
             Began as a Draconian Monk on Aug 11, 2021.
             Was a Believer of Qazlal.
             Hit by a goblin thrown by Robin (3 damage)
             ... on level 2 of the Dungeon.
             The game lasted 00:01:39 (1605 turns).

SkeletonJelly the Slasher (Draconian Monk)          Turns: 1605, Time: 00:01:39

Health: -1/31      AC:  5    Str: 13    XL:     3   Next: 69%
Magic:  3/3        EV: 12    Int: 10    God:    Qazlal [**....]
Gold:   68         SH:  3    Dex: 14    Spells: 2/2 levels left

rFire    . . .     SeeInvis .   h - +0 long sword
rCold    . . .     Faith    .   (no shield)
rNeg     . . .     Spirit   .   (armour unavailable)
rPois    .         Reflect  .   (helmet restricted)
rElec    .         Harm     .   (no cloak)
rCorr    .         Rampage  .   (no gloves)
Will     .....                  (no boots)
Stlth    +.........             j - amulet of magic regeneration
HPRegen  0.10/turn              (no ring)
MPRegen  0.33/turn              (no ring)

@: no status effects
A: AC +5, unfitting armour, cold-blooded
a: Renounce Religion, Upheaval


You were on level 2 of the Dungeon.
You worshipped Qazlal.
Qazlal was pleased with you.
You visited 1 branch of the dungeon, and saw 2 of its levels.

You collected 68 gold pieces.

Inventory:

Hand Weapons
 a - a +0 falchion
 h - a +0 long sword (weapon)
Missiles
 f - 7 javelins (quivered)
 g - 7 poisoned darts
Jewellery
 j - an amulet of magic regeneration (around neck)
 m - a +4 ring of protection
Scrolls
 c - 2 scrolls of identify {unknown}
 d - a scroll of magic mapping {unknown}
 e - a scroll of summoning {unknown}
 i - a scroll of blinking {unknown}
 l - a scroll of teleportation {unknown}
Potions
 b - a potion of heal wounds {unknown}
 k - a potion of brilliance {unknown}


   Skills:
 - Level 3.2 Fighting
 + Level 4.7 Long Blades
 - Level 2.6 Dodging
 - Level 1.7 Stealth


You had 2 spell levels left.
You didn't know any spells.
Your spell library contained the following spells:

 Spells                   Type           Power      Damage    Failure   Level
 Summon Ice Beast         Ice/Summ       0%         N/A       98%         4
 Summon Mana Viper        Hex/Summ       0%         N/A       100%        5
 Monstrous Menagerie      Summ           0%         N/A       100%        7


Dungeon Overview and Level Annotations

Branches:
Dungeon (2/15)

Altars:
Qazlal

Annotations:
D:2 Robin


Innate Abilities, Weirdness & Mutations

Your plain brown scales are hard. (AC +5)
You cannot fit into any form of body armour.
You are cold-blooded and may be slowed by cold attacks.


Message History

No target in view!
No target in view!
No target in view!
No target in view!
No target in view!
HP restored.
Found a stone staircase leading down.
Things that are here:
a +0 short sword; a kobold corpse You hear a shout!
A goblin comes into view. It is wielding a +0 club.
A goblin is nearby!
A goblin is nearby!
A goblin is nearby!
A goblin is nearby!
You hear a shout! x5
You hear a shout! x2
You hear a shout! x3
The goblin hits you but does no damage.
A goblin comes into view. It is wielding a +0 club.
You hit the goblin.
Your tail-slap misses the goblin.
The goblin is severely wounded.
A goblin comes into view. It is wielding a +0 dagger.
The goblin closely misses you.
You hit the goblin but do no damage.
The goblin is severely wounded.
The goblin hits you with a +0 club.
A goblin comes into view. It is wielding a +0 club. x2
The goblin closely misses you.
You closely miss the goblin.
The goblin is severely wounded.
A hobgoblin comes into view.
You slash the goblin!
You kill the goblin!
Qazlal accepts your kill.
Robin of the Strong Arm comes into view.
They are wielding a +3 dagger of speed.
The goblin misses you.
You barely miss the goblin. Robin throws the goblin at you!
The goblin hits you but does no damage.
You hit the goblin.
The goblin is moderately wounded.
You block the goblin's attack. The goblin misses you.
You riposte.
You slash the goblin!
You kill the goblin!
Qazlal accepts your kill. The goblin barely misses you.
You riposte.
You closely miss the goblin. You tail-slap the goblin.
The goblin is moderately wounded.
You closely miss the goblin.
The goblin is moderately wounded.
Robin throws the goblin at you!
A hobgoblin comes into view.
The hobgoblin hits you. The goblin closely misses you.
The goblin barely misses you.
You riposte.
You closely miss the goblin.
The goblin is moderately wounded.
Robin roars a battlecry!
The goblins go into a battle-frenzy!
A goblin comes into view. It is wielding a +0 club.
You barely miss the goblin. You tail-slap the goblin.
The goblin is severely wounded.
The goblin hits you with a +0 club. The goblin barely misses you.
You slash the goblin!
You kill the goblin!
Qazlal accepts your kill. The goblin hits you with a +0 club.
The hobgoblin barely misses you.
You riposte.
You hit the hobgoblin but do no damage.
Your tail-slap misses the hobgoblin.
A goblin comes into view. It is wielding a +0 club.
You block the goblin's attack. The goblin hits you but does no damage.
The hobgoblin hits you.
You hit the hobgoblin.
The hobgoblin is severely wounded.
The goblin hits you but does no damage. Robin throws the goblin at you!
The goblin hits you with a +0 club. x2; The hobgoblin hits you.
The goblin closely misses you.
You are too injured to fight recklessly!
You are too injured to fight recklessly!
You are too injured to fight recklessly!
You are too injured to fight recklessly!
You are too injured to fight recklessly!
You are too injured to fight recklessly!
You are too injured to fight recklessly!
You closely miss the goblin. You tail-slap the goblin.
The goblin is moderately wounded.
Robin throws the goblin at you! The goblin hits you with a +0 club.
* * * LOW HITPOINT WARNING * * *
The goblin closely misses you. The hobgoblin misses you.
The goblin barely misses you.
You slash the goblin!
You kill the goblin!
Qazlal accepts your kill. The goblin hits you with a +0 club.
* * * LOW HITPOINT WARNING * * *
The goblin barely misses you. The hobgoblin closely misses you.
You riposte.
You slash the hobgoblin!
You kill the hobgoblin!
Qazlal accepts your kill. The goblin misses you.
Robin throws the goblin at you!
You die...

##.......##.#
#.....#8.8#....#
#...........
#.###.#####.[..#
#.......##.. ##.##
..........# ######
###..##...####........#
#.....#.............†
#.###.))####........#
##.####.##...<##....##
...#.g.............
#g#@###..########.
#)§g# ...# #. #)#.# ..#
#. .gg#... .... #.
#.####### >### #. .. #


You could see Robin, a hobgoblin (strong) and 2 goblins.

Vanquished Creatures
  An adder (D:2)
  A dart slug (D:1)
  3 endoplasms (D:1)
  3 giant cockroaches
  11 goblins
  2 hobgoblins
  4 jackals (D:1)
  3 ball pythons
  4 bats (D:1)
  3 kobolds
  2 rats (D:1)
37 creatures vanquished.

Notes
Turn   | Place    | Note
-------+----------+-------------------------------------------
     0 | D:1      | SkeletonJelly the Draconian Monk began the quest for the
                  | Orb.
     0 | D:1      | Reached XP level 1. HP: 19/19 MP: 1/1
   261 | D:1      | Reached XP level 2. HP: 26/26 MP: 2/2
   542 | D:1      | Reached skill level 4 in Long Blades
   620 | D:1      | Reached XP level 3. HP: 16/31 MP: 3/3
  1532 | D:2      | Found a faded altar of an unknown god.
  1538 | D:2      | Became a worshipper of Qazlal Stormbringer
  1538 | D:2      | Reached * piety under Qazlal
  1538 | D:2      | Reached ** piety under Qazlal
  1596 | D:2      | Noticed Robin
  1604 | D:2      | HP: 1/31 [goblin[Robin] (5)]
  1605 | D:2      | Hit by a goblin thrown by Robin

Illustrated notes

Levels and vault maps discovered:
D:1:      saegor_arrival_simple_e, layout_basic, chequers_jeans, st_stairs_5
D:2:      layout_loops_ring, dreamdust_ecumenical_altar_angels_and_demons,
          uniq_natasha, uniq_robin

Skill      XL: |  1  2 |
---------------+-------+-----
Long Blades    | 4 |  4.7
Fighting       | |  3.2
Dodging        | |  2.6
Stealth        | |  1.7

Action                   || total
-------------------------++-------
Melee: Falchion          ||    50
       Tailslap          ||    12
       Long sword        ||    33
 Stab: Sleeping          ||     2
Armor: Skin              ||    32
Dodge: Dodged            ||    52
Block: Other             ||     2
       Rpst.: Falchion   ||    15
       Long sword        ||     8
